Map: Prion Terraces

Players

LilDicky

  • Race: Terran Terran
  • League: Platinum

DJDickbutt - Winner!

  • Race: Zerg Zerg
  • League: Diamond

VOD

http://www.twitch.tv/tumescentpie

Description

Time

  • Played on: Nov. 21, 2015, 12:26 a.m.
  • Length: 4:03
Show
View Real Time Build Order
Export as new Build Order

LilDicky Terran 

Build Orders: Command Center First (CC) 

Get SALT Encoding   

  12  0:01  SCV  
  13  0:13  SCV  
  14  0:18  Supply Depot  
  14  0:26  SCV  
  15  0:39  SCV  
  16  0:51  SCV  
  17  1:02  Command Center  
  17  1:03  SCV  
  18  1:16  SCV  
  19  1:20  Barracks  
  19  1:28  SCV  
  20  1:40  SCV  
  21  1:52  SCV  
  22  2:05  SCV  
  23  2:18  Bunker  
  23  2:20  Orbital Command, Marine  
  23  2:22  Orbital Command  
  24  2:26  Command Center  
  24  2:40  Marine  
  25  2:49  Command Center  
  25  2:51  SCV  
  25  2:53  SCV  
  27  2:58  Marine  
  27  3:03  SCV  
  29  3:26  Marine  
  29  3:34  SCV  
  30  3:44  Marine  
Show
View Real Time Build Order
Export as new Build Order

DJDickbutt Zerg - Winner!

Build Orders: Hatch First 

Get SALT Encoding   

  12  0:01  Drone  
  13  0:12  Drone  
  14  0:18  Overlord  
  14  0:38  Drone x3  
  17  0:51  Hatchery  
  17  0:55  Drone  
  17  1:02  Drone  
  17  1:03  Extractor  
  17  1:13  Drone  
  18  1:26  Drone, Spawning Pool  
  18  1:41  Drone  
  18  1:45  Overlord  
  19  2:15  Zergling x10  
  23  2:16  Queen  
  23  2:17  Queen  
  23  2:21  Metabolic Boost  
  28  2:26  Drone x2  
  30  2:41  Drone x2  
  32  2:57  Drone x2  
  34  3:01  Hatchery  
  34  3:03  Drone x2  
  33  3:29  Drone x3  
  33  3:32  Overlord x2  
  35  3:50  Drone x2  
Tags
 
Add a new tag
Caveats
  • Supply blocks, unpowered buildings, or Contaminate may cause inaccurate times.
  • Supply counts are checked every 10 seconds.